 Dungeon Crawl Stone Soup version 0.27-a0-1500-g450c7e4133 (webtiles) character file.

Game seed: 9223755971660125495

173 hatdisgam the Gusty (level 5, -2/55 HPs)
             Began as a Gnoll Air Elementalist on July 8, 2021.
             Was an Initiate of Dithmenos.
             Slain by a river rat (4 damage)
             ... summoned by Eustachio
             ... on level 4 of the Dungeon.
             The game lasted 00:06:45 (4627 turns).

hatdisgam the Gusty (Gnoll Air Elementalist)        Turns: 4627, Time: 00:06:45

Health: -2/55      AC:  4    Str:  6 (7)  XL:     5   Next: 53%
Magic:  2/12       EV: 13    Int: 14 (15) God:    Dithmenos [......]
Gold:   132        SH:  0    Dex: 10 (13) Spells: 11/14 levels left

rFire    . . .     SeeInvis .   t - +3 quarterstaff (chaos)
rCold    . . .     Faith    .   (shield currently unavailable)
rNeg     . . .     Spirit   .   a - +0 robe
rPois    .         Reflect  .   (no helmet)
rElec    .         Harm     .   u - +0 cloak
rCorr    .         Rampage  .   o - +0 pair of gloves
Will     .....                  (no boots)
Stlth    ..........             (no amulet)
HPRegen  0.18/turn              (no ring)
MPRegen  0.13/turn              (no ring)

@: berserking, very quick
A: fangs 1, strong nose, distributed training
a: Renounce Religion


You were on level 4 of the Dungeon.
You worshipped Dithmenos.
Dithmenos was noncommittal.
You visited 1 branch of the dungeon, and saw 4 of its levels.

You collected 132 gold pieces.

Inventory:

Hand Weapons
 c - a +0 short sword
 j - a +0 whip
 l - a +0 hunting sling
 t - a +3 quarterstaff of chaos (weapon)
Missiles
 d - 61 stones
 e - 20 sling bullets
 f - 7 poisoned darts
 n - 29 bolts
 s - 27 arrows
Armour
 a - a +0 robe (worn)
 o - a +0 pair of gloves (worn)
 u - a +0 cloak (worn)
Jewellery
 g - an amulet of guardian spirit
Scrolls
 i - 2 scrolls of immolation
 m - a scroll of enchant weapon
 q - a scroll of fog
 v - a scroll of magic mapping
Potions
 p - 2 potions of mutation


   Skills:
 + Level 1.5 Fighting
 + Level 1.5 Short Blades
 + Level 1.5 Long Blades
 + Level 1.5 Axes
 + Level 1.5 Maces & Flails
 + Level 1.5 Polearms
 + Level 1.5 Staves
 + Level 1.5 Slings
 + Level 1.5 Bows
 + Level 1.5 Crossbows
 + Level 1.5 Throwing
 + Level 1.5 Armour
 + Level 4.8 Dodging
 + Level 4.4 Stealth
 + Level 1.5 Shields
 + Level 1.5 Unarmed Combat
 + Level 5.2 Spellcasting
 + Level 2.4 Conjurations
 + Level 1.2 Hexes
 + Level 1.2 Summonings
 + Level 1.2 Necromancy
 + Level 1.2 Translocations
 + Level 1.2 Transmutations
 + Level 1.2 Fire Magic
 + Level 1.2 Ice Magic
 + Level 5.5 Air Magic
 + Level 1.2 Earth Magic
 + Level 1.2 Poison Magic
 + Level 1.7 Invocations
 + Level 1.5 Evocations


You had 11 spell levels left.
You knew the following spells:

 Your Spells              Type           Power      Damage    Failure   Level
a - Shock                 Conj/Air       56%        1d6       3%          1
b - Static Discharge      Conj/Air       14%        N/A       4%          2

Your spell library contained the following spells:

 Spells                   Type           Power      Damage    Failure   Level
 Swiftness                Air            19%        N/A       5%          3
 Sublimation of Blood     Necr           3%         N/A       16%         2
 Airstrike                Air            9%         N/A       17%         4
 Petrify                  Tmut/Erth      7%         N/A       71%         4
 Irradiate                Conj/Tmut      4%         3d15      92%         5


Dungeon Overview and Level Annotations

Branches:
Dungeon (4/15)
 Temple: D:4-7

Altars:
Ashenzari
Dithmenos
Fedhas
Ru

Annotations:
D:4 Eustachio


Innate Abilities, Weirdness & Mutations

You have very sharp teeth.
Your uncanny sense of smell can sniff out nearby items.
Your experience applies equally to all skills.


Message History

Eustachio casts a spell.
Eustachio blinks!
The quasit closely misses you. x2
The quasit barely misses you.
Casting: Static Discharge (safe; 4% risk of failure)
Confirm with . or Enter, or press ? or * to list all spells.
Aiming: Shock (safe; 3% risk of failure)
Press: ? - help, Shift-Dir - straight line, f/p - Eustachio
Aim: Eustachio, wielding a +0 falchion and wearing a +2 leather armour of willpower (severely wounded, 60% to hit)
The zap hits the jackal.
You kill the jackal!
Dithmenos accepts your kill.
The zap misses Eustachio.
The ufetubus disappears in a puff of smoke!
The river rat misses you. The quasit barely misses you. The quasit claws you.
* * * LOW HITPOINT WARNING * * *
You feel clumsy.
The quasit claws you but does no damage.
Unknown command.
It was a potion of degeneration.
There was something very wrong with that liquid.
You feel weakened.
You feel dopey.
You feel clumsy. The river rat bites you.
* * * LOW HITPOINT WARNING * * *
The quasit barely misses you. The quasit closely misses you.
The quasit claws you but does no damage.
The river rat barely misses you.
It was a potion of berserk rage.
A red film seems to cover your vision as you go berserk!
You feel yourself moving faster!
You feel mighty! The quasit barely misses you.
The quasit claws you but does no damage.
The quasit claws you.
* * * LOW HITPOINT WARNING * * *
You feel clumsy. The river rat misses you. x2
Eustachio gestures wildly while chanting.
Eustachio blinks!
The quasit closely misses you. The quasit completely misses you.
The quasit closely misses you.
You feel a strong urge to attack something.
The river rat bites you.
You die...

#@ ##.@..........
##..............
####...............
##..................
##.......# ..........
##......†## #.........
###......@.# #...§.....
..........†## #r@.......
#..........†####.r......
.............†r5###.....
#..........####.§# ###.
#........### ####
##......## ##...###
#####


You could see Eustachio, a quasit (summoned) and 2 river rats.

Vanquished Creatures
  Crazy Yiuf (D:3)
  Natasha (D:3)
  2 adders
  An ufetubus (D:4)
  An adder skeleton (D:4)
  3 worms
  2 dart slugs
  3 orcs
  7 ball pythons
  5 endoplasms
  7 giant cockroaches
  8 goblins
  4 hobgoblins
  8 jackals
  5 kobolds
  A quokka (D:1)
  2 bats
  6 frilled lizards
  A hobgoblin zombie (D:4)
  A kobold zombie (D:4)
  2 orc zombies (D:4)
  8 rats
79 creatures vanquished.

Notes
Turn   | Place    | Note
-------+----------+-------------------------------------------
     0 | D:1      | hatdisgam the Gnoll Air Elementalist began the quest for
                  | the Orb.
     0 | D:1      | Reached XP level 1. HP: 13/13 MP: 6/6
   270 | D:1      | Reached XP level 2. HP: 19/19 MP: 4/7
   456 | D:1      | Learned a level 2 spell: Static Discharge
  1019 | D:2      | Reached XP level 3. HP: 25/25 MP: 6/9
  1029 | D:2      | Reached skill level 5 in Spellcasting
  1335 | D:2      | Reached skill level 1 in Invocations
  1436 | D:2      | Found a faded altar of an unknown god.
  1802 | D:2      | Reached skill level 1 in Fighting
  1802 | D:2      | Reached skill level 1 in Short Blades
  1802 | D:2      | Reached skill level 1 in Long Blades
  1802 | D:2      | Reached skill level 1 in Axes
  1802 | D:2      | Reached skill level 1 in Maces & Flails
  1802 | D:2      | Reached skill level 1 in Polearms
  1802 | D:2      | Reached skill level 1 in Staves
  1802 | D:2      | Reached skill level 1 in Slings
  1802 | D:2      | Reached skill level 1 in Bows
  1802 | D:2      | Reached skill level 1 in Crossbows
  1802 | D:2      | Reached skill level 1 in Throwing
  1802 | D:2      | Reached skill level 1 in Armour
  1802 | D:2      | Reached skill level 1 in Shields
  1802 | D:2      | Reached skill level 1 in Unarmed Combat
  1802 | D:2      | Reached skill level 1 in Evocations
  2271 | D:2      | Reached XP level 4. HP: 28/32 MP: 7/11
  3053 | D:3      | Noticed Natasha
  3058 | D:3      | Killed Natasha
  3059 | D:3      | Reached skill level 1 in Hexes
  3059 | D:3      | Reached skill level 1 in Summonings
  3059 | D:3      | Reached skill level 1 in Necromancy
  3059 | D:3      | Reached skill level 1 in Translocations
  3059 | D:3      | Reached skill level 1 in Transmutations
  3059 | D:3      | Reached skill level 1 in Fire Magic
  3059 | D:3      | Reached skill level 1 in Ice Magic
  3059 | D:3      | Reached skill level 1 in Earth Magic
  3059 | D:3      | Reached skill level 1 in Poison Magic
  3138 | D:3      | Found a blossoming altar of Fedhas.
  3140 | D:3      | Found a sacrificial altar of Ru.
  3148 | D:3      | Found a shadowy altar of Dithmenos.
  3156 | D:3      | Became a worshipper of Dithmenos the Shadowed
  3419 | D:3      | Found a broken altar of Ashenzari.
  3732 | D:3      | Reached XP level 5. HP: 37/37 MP: 5/12
  3818 | D:3      | Found a runed translucent door.
  3819 | D:3      | Noticed Crazy Yiuf
  3914 | D:3      | Killed Crazy Yiuf
  4516 | D:4      | Noticed Eustachio
  4626 | D:4      | HP: 2/55 [quasit[Eustachio] (1)]
  4627 | D:4      | Slain by a river rat

Illustrated notes

Levels and vault maps discovered:
D:1:      matt_arrival_diagonals, layout_basic
D:2:      layout_basic, shapermc_ecumenical_altar_mp_vishouse
D:3:      layout_basic, cheibrodos_ashenzari_chains, minitemple, uniq_natasha,
          uniq_crazy_yiuf_cottage
D:4:      layout_cave_pods, minmay_mini_ossuary, uniq_eustachio

Skill      XL: |  1  2  3  4 |
---------------+-------------+-----
Conjurations   | 2 |  2.4
Spellcasting   | 5 |  5.2
Invocations    | 1 |  1.7
Fighting       | 1 |  1.5
Short Blades   | 1 |  1.5
Long Blades    | 1 |  1.5
Axes           | 1 |  1.5
Maces & Flails | 1 |  1.5
Polearms       | 1 |  1.5
Staves         | 1 |  1.5
Slings         | 1 |  1.5
Bows           | 1 |  1.5
Crossbows      | 1 |  1.5
Throwing       | 1 |  1.5
Armour         | 1 |  1.5
Shields        | 1 |  1.5
Unarmed Combat | 1 |  1.5
Evocations     | 1 |  1.5
Hexes          | 1 |  1.2
Summonings     | 1 |  1.2
Necromancy     | 1 |  1.2
Translocations | 1 |  1.2
Transmutations | 1 |  1.2
Fire Magic     | 1 |  1.2
Ice Magic      | 1 |  1.2
Earth Magic    | 1 |  1.2
Poison Magic   | 1 |  1.2
Dodging        | |  4.8
Stealth        | |  4.4
Air Magic      | |  5.5

Action                   |  1- 3 |  4- 6 || total
-------------------------+-------+-------++-------
Melee: Quarterstaff      |       |    18 ||    18
       Bite              |       |     2 ||     2
 Cast: Shock             |    95 |    73 ||   168
       Static Discharge  |     1 |    12 ||    13
  Use: Scroll            |       |     5 ||     5
       Potion            |       |     5 ||     5
Armor: Robe              |       |    16 ||    16
Dodge: Dodged            |     4 |    59 ||    63

Table legend: (Time is in decaauts)
 A = Elapsed time spent in this place.
 B = Non-inter-level travel time spent in this place.
 C = Inter-level travel time spent in this place.
 D = Time resting spent in this place.
 E = Time spent auto-exploring this place.
 F = Levels seen in this place.
 G = Mean time per level.
                   A        B        C        D        E       F      G
               +--------+--------+--------+--------+--------+-----+--------+
         Total |   4628 |   4453 |    175 |     18 |   4034 |   4 | 1157.0 |
       Dungeon |   4628 |   4453 |    175 |     18 |   4034 |   4 | 1157.0 |
               +--------+--------+--------+--------+--------+-----+--------+

Top non-repeatable levels by time:
     D:2: 1633 daAuts
     D:3: 1621 daAuts
     D:1: 915 daAuts
     D:4: 458 daAuts
